 Dungeon Crawl Stone Soup version 0.22-a0-558-gc224181 (webtiles) character file.

20 JeffiDaFish the Shooter (level 2, 0/15 HPs)
             Began as a Spriggan Hunter on June 26, 2018.
             Slain by a goblin (3 damage)
             ... on level 1 of the Dungeon.
             The game lasted 00:02:41 (448 turns).

JeffiDaFish the Shooter (Spriggan Hunter)            Turns: 448, Time: 00:02:41

Health: 0/15       AC:  2    Str:  8    XL:     2   Next: 58%
Magic:  3/3        EV: 19    Int: 12    God:
Gold:   11         SH:  0    Dex: 16    Spells: 1/1 levels left

rFire    . . .     SeeInvis +   b - +0 short sword
rCold    . . .     Gourm    .   (shield restricted)
rNeg     . . .     Faith    .   c - +0 robe
rPois    .         Spirit   .   (helmet restricted)
rElec    .         Reflect  .   (no cloak)
rCorr    .         Harm     .   (gloves unavailable)
MR       .....                  (boots unavailable)
Stlth    +++.......             (no amulet)
HPRegen  0.05/turn              e - ring of stealth (curse)
MPRegen  0.08/turn              (no ring)

@: very quick
A: very small, unfitting armour, see invisible, herbivore, speed 3, slow
metabolism 2
a: no special abilities


You were on level 1 of the Dungeon.
You were not hungry.

You visited 1 branch of the dungeon, and saw 1 of its levels.

You collected 11 gold pieces.

Inventory:

Hand Weapons
 a - a +1 shortbow
 b - a +0 short sword (weapon)
Missiles
 d - 16 arrows
Armour
 c - a +0 robe (worn)
Jewellery
 e - a cursed ring of stealth (left hand)
Scrolls
 g - a scroll of magic mapping
Comestibles
 f - 3 rations


   Skills:
 + Level 1.9 Fighting
 * Level 5.3 Bows
 + Level 3.4 Dodging
 - Level 1.5 Stealth


You had one spell level left.
You didn't know any spells.
Your spell library was empty.

Dungeon Overview and Level Annotations

Branches:
Dungeon (1/15)

Altars:


Innate Abilities, Weirdness & Mutations

You are very small and have problems with some larger weapons.
You are too small for most types of armour.
You have supernaturally acute eyesight. (SInv)
You are a herbivore.
You cover ground extremely quickly.
You need to consume almost no food.


Message History

The dart slug launches a dart at you. The slug dart hits you!
You hit the goblin.
You kill the goblin!
The goblin hits you. The dart slug closely misses you.
You are too injured to fight recklessly!
You are too injured to fight recklessly!
You are too injured to fight recklessly!
You are too injured to fight recklessly!
You are too injured to fight recklessly!
You hit the dart slug.
The dart slug is lightly wounded.
The goblin completely misses you. The dart slug launches a dart at you.
The slug dart hits you!
* * * LOW HITPOINT WARNING * * *
You hit the dart slug but do no damage.
The dart slug is lightly wounded.
The goblin completely misses you. The goblin hits you.
You die...

##.###......... #..#
###....... #.## ###.....
#.# ###.......
########.####.........
##.....#...#.......≈≈≈.
##..........#.....≈≈≈≈≈≈
#...........#....≈≈≈≈≈≈≈
#.....)@....############
#.....†wg.......* *,
#...............* *.
#.............>.* ####.
##..........?..#####....
##.....#.............##
#######.##########..†.
#.#* ######....
#..####....P..≈≈


You could see a dart slug and a goblin.

Vanquished Creatures
  A dart slug (D:1)
  A leopard gecko (D:1)
  3 bats (D:1)
  2 giant cockroaches (D:1)
  A hobgoblin (D:1)
  2 frilled lizards (D:1)
  2 goblins (D:1)
  4 kobolds (D:1)
  A rat (D:1)
17 creatures vanquished.

Notes
Turn   | Place    | Note
-------+----------+-------------------------------------------
     0 | D:1      | JeffiDaFish the Spriggan Hunter began the quest for the Orb.
     0 | D:1      | Reached XP level 1. HP: 10/10 MP: 2/2
    46 | D:1      | Reached skill level 5 in Bows
   141 | D:1      | Reached XP level 2. HP: 15/15 MP: 3/3
   448 | D:1      | Slain by a goblin

Vault maps used:
D:1:      nzn_arrival_depleted_hourglass, serial_bayou_pond_a

Skill      XL: |  1 |
---------------+----+-----
Bows           | 5 |  5.3
Fighting       | |  1.9
Dodging        | |  3.4
Stealth        | |  1.5

Action                   || total
-------------------------++-------
Melee: Short sword       ||    13
 Fire: Shortbow          ||    46
  Use: Scroll            ||     1
Armor: Robe              ||     4
Dodge: Dodged            ||    42

Table legend:
 A = Spawn XP
 B = Non-spawn XP
 C = Spawn XP percentage of total XP
 D = Spawn monster count
 E = Non-spawn monster count
 F = Spawn count percentage of total count
 G = Total turns spent on level
                    A         B        C        D         E        F      G
               +---------+---------+-------+---------+---------+-------+---------
         Total |       0 |      29 |   0.0 |       0 |      17 |   0.0 |   448
               +---------+---------+-------+---------+---------+-------+---------
           D:1 |       0 |      29 |   0.0 |       0 |      17 |   0.0 |   448
               +---------+---------+-------+---------+---------+-------+---------
